 Dungeon Sprint DCSS version 0.16-a0-3841-g2612308 (console) character file.

11 Monkaria the Skirmisher (level 2, 21/28 HPs)
             Began as a Hill Orc Fighter on Jan 30, 2015.
             Quit the game in the Dungeon (Sprint IX: "|||||||||||||||||||||||||||||").
             The game lasted 00:00:35 (83 turns).

Monkaria the Skirmisher (Hill Orc Fighter)            Turns: 83, Time: 00:00:35

Health: 21/28      AC:  6    Str: 18    XL:     2   Next: 29%
Magic:  2/2        EV:  7    Int:  8    God:
Gold:   0          SH:  9    Dex: 10    Spells: 0 memorised, 1 level left

rFire  . . .     SeeInvis .     a - +0 long sword
rCold  . . .     Clarity  .     b - +0 scale mail
rNeg   . . .     SustAb   .     c - +0 shield
rPois  .         Gourm    .     (no helmet)
rElec  .         Spirit   .     (no cloak)
rCorr  .         Warding  .     (no gloves)
rMut   .         NoTele   +     (no boots)
MR     .....                    (no amulet)
Stlth  ..........               (no ring)
                                (no ring)

@: not resistant to hostile enchantments, extremely unstealthy
A: no striking features
a: no special abilities


You were in the Dungeon.
You were not hungry.

You visited 1 branch

Inventory:

Hand weapons
 a - a +0 long sword (weapon)
 p - the +7 lajatang of Order {silver, rMut}
   (You found it in the Dungeon)

   It protects you from mutation.
Armour
 b - a +0 scale mail (worn)
 c - a +0 shield (worn)
Magical devices
 o - a wand of fire (7)
Scrolls
 k - 2 scrolls of blinking
 m - 3 scrolls of remove curse
 n - 2 scrolls of amnesia
Potions
 e - a potion of might
 f - 5 potions of curing
 g - 3 potions of heal wounds
 h - a potion of haste
 i - 4 potions of magic
 j - a potion of berserk rage
 l - a potion of invisibility
Comestibles
 d - a meat ration


   Skills:
 + Level 4.7 Fighting
 * Level 4.5 Long Blades
 - Level 3.2 Armour
 - Level 3.2 Shields


You had one spell level left.
You didn't know any spells.

Dungeon Overview and Level Annotations

Branches:
Dungeon (1/1)

Altars:
Cheibriados
Dithmenos
Elyvilon
Fedhas
Gozag
Kikubaaqudgha
Makhleb
Nemelex Xobeh
Okawaru
Qazlal
Ru
Sif Muna
Trog
Vehumet
Xom
Yredelemnul
Zin
The Shining One
Beogh
Jiyva
Lugonu


Message History

There is a snail-covered altar of Cheibriados here.
There is a shadowy altar of Dithmenos here.
There is a stormy altar of Qazlal here.
There is an opulent altar of Gozag here.
There is a sacrificial altar of Ru here.
You open the door.
Found seven items.
Found a +3 ring of dexterity.
There is an open door here.
Found a +2 ring of protection.
i - 4 potions of magic (gained 2);
l - a potion of invisibility
g - 3 potions of heal wounds (gained 2);
f - 5 potions of curing (gained 4)
m - 3 scrolls of remove curse;
n - 2 scrolls of amnesia
k - 2 scrolls of blinking (gained 1)
o - a wand of fire (7)
You see here an uncursed staff of energy.
Items here: ))))))
p - the +7 lajatang of Order {silver, rMut} Unknown command.
Are you sure you want to abandon this character and quit the game? (Confirm with "yes".)

▓_▓
▓_▓
▓_▓
▓_▓
▓'▓
▓.▓
▓.▓
▓|▓
▓@▓
▓[▓
▓[▓
▓[▓
▓=▓
▓=▓
▓+▓


There were no monsters in sight!

Vanquished Creatures
  A giant gecko (D)
  An orc (D)
  A bat skeleton (D)
  A hobgoblin (D)
  2 bats (D)
  3 kobolds (D)
  A rat (D)
10 creatures vanquished.

Notes
Turn   | Place    | Note
--------------------------------------------------------------
     0 | D        | Monkaria, the Hill Orc Fighter, began the quest for the Orb.
     0 | D        | Reached XP level 1. HP: 19/19 MP: 1/1
    10 | D        | Reached skill level 4 in Fighting
    26 | D        | Reached XP level 2. HP: 19/28 MP: 2/2
    50 | D        | Found a glowing silver altar of Zin.
    50 | D        | Found a glowing golden altar of the Shining One.
    50 | D        | Found an ancient bone altar of Kikubaaqudgha.
    50 | D        | Found a basalt altar of Yredelemnul.
    50 | D        | Found a shimmering altar of Xom.
    50 | D        | Found a radiant altar of Vehumet.
    50 | D        | Found an iron altar of Okawaru.
    51 | D        | Found a burning altar of Makhleb.
    52 | D        | Found a deep blue altar of Sif Muna.
    53 | D        | Found a bloodstained altar of Trog.
    54 | D        | Found a sparkling altar of Nemelex Xobeh.
    55 | D        | Found a white marble altar of Elyvilon.
    56 | D        | Found a roughly hewn altar of Beogh.
    57 | D        | Found a viscous altar of Jiyva.
    58 | D        | Found a corrupted altar of Lugonu.
    59 | D        | Found a blossoming altar of Fedhas.
    60 | D        | Found a snail-covered altar of Cheibriados.
    61 | D        | Found a shadowy altar of Dithmenos.
    62 | D        | Found a stormy altar of Qazlal.
    63 | D        | Found an opulent altar of Gozag.
    64 | D        | Found a sacrificial altar of Ru.
    83 | D        | Quit the game

Action                   || total
-------------------------++-------
Melee: Long sword        ||    32
